 Dungeon Crawl Stone Soup version 0.30-a0-557-ge2afbf3030 (webtiles) character file.

Game seed: 5714655536550262884

3810 rsvaco the Basher (level 9, -3/79 HPs)
             Began as a Minotaur Fighter on Dec 27, 2022.
             Was a Believer of Yredelemnul.
             Killed from afar by an electric eel (11 damage)
             ... with a bolt of electricity
             ... on level 9 of the Dungeon.
             The game lasted 00:28:44 (4197 turns).

rsvaco the Basher (Minotaur Fighter)                Turns: 4197, Time: 00:28:44

Health: -3/79      AC: 27    Str: 24    XL:     9   Next: 96%
Magic:  8/8        EV: 11    Int:  5    God:    Yredelemnul [**....]
Gold:   1067       SH: 11    Dex: 11    Spells: 8/8 levels left

rFire   . . .      SeeInvis .    w - +2 mace (protect)
rCold   . . .      Faith    .    c - +0 buckler
rNeg    . . .      Spirit   .    F - +0 plate armour
rPois   .          Reflect  +    (helmet restricted)
rElec   .          Harm     .    s - +0 cloak
rCorr   .          Rampage  .    C - +0 pair of gloves
Will    .....                    (no boots) Stlth
                                 J - amulet of reflection
HPRegen 0.33/turn                j - +4 ring of evasion
MPRegen 0.11/turn                B - +4 ring of protection

@: under a protective aura
A: horns 2, retaliatory headbutt
a: Renounce Religion, Recall Undead Harvest, Dark Bargain


You were on level 9 of the Dungeon.
You worshipped Yredelemnul.
Yredelemnul was noncommittal.
You visited 2 branches of the dungeon, and saw 8 of its levels.

You collected 1067 gold pieces.

Inventory:

Hand Weapons
 a - a +2 great mace of protection
 m - a +1 dagger of venom
 t - a +2 hand axe of electrocution
 w - a +2 mace of protection (weapon)
 K - a +0 falchion
 R - a +2 halberd of protection
 U - a +0 shortbow
 X - a +2 long sword of distortion
Missiles
 o - 60 stones
 A - 16 poisoned darts (quivered)
Armour
 b - a scarf of repulsion
 c - a +0 buckler (worn)
 s - a +0 cloak (worn)
 C - a +0 pair of gloves (worn)
 E - +0 ice dragon scales
 F - a +0 plate armour (worn)
Magical Staves
 k - a staff of earth
 S - a staff of earth
Jewellery
 j - a +4 ring of evasion (left hand)
 B - a +4 ring of protection (right hand)
 G - an amulet of regeneration
 J - an amulet of reflection (around neck)
 Z - a ring of poison resistance
Wands
 I - a wand of charming (10)
Scrolls
 q - a scroll of blinking
 r - 5 scrolls of identify
 v - a scroll of vulnerability
 Q - 2 scrolls of teleportation
 W - a scroll of enchant armour {unknown}
Potions
 d - a potion of invisibility
 f - 5 potions of attraction
 g - 2 potions of ambrosia {unknown}
 h - a potion of resistance {unknown}
 l - a potion of flight {unknown}
 n - a potion of degeneration
 u - a potion of brilliance {unknown}
 D - 3 potions of berserk rage {unknown}
 H - a potion of haste {unknown}
 N - a potion of heal wounds {unknown}


   Skills:
 + Level 7.2 Fighting
 + Level 5.9(8.4) Axes
 + Level 9.2(10.0) Maces & Flails
 + Level 8.1 Armour
 + Level 1.5 Dodging
 + Level 2.3 Stealth
 + Level 9.2 Shields


You had 8 spell levels left.
You didn't know any spells.
Your spell library contained the following spells:

 Spells                   Type           Power      Damage    Failure   Level
 Blink                    Tloc           0%         N/A       100%        2
 Momentum Strike          Conj/Tloc      0%         3d8       100%        2
 Sublimation of Blood     Necr           0%         N/A       100%        2
 Wereblood                Tmut           0%         N/A       100%        2
 Call Canine Familiar     Summ           0%         N/A       100%        3
 Inner Flame              Hex/Fire       0%         N/A       100%        3
 Lesser Beckoning         Tloc           0%         N/A       100%        3
 Portal Projectile        Hex/Tloc       0%         N/A       100%        3
 Cause Fear               Hex            0%         N/A       100%        4
 Leda's Liquefaction      Hex/Erth       0%         N/A       100%        4
 Summon Hydra             Summ           0%         N/A       100%        7
 Discord                  Hex            0%         N/A       100%        8


Dungeon Overview and Level Annotations

Branches:
Dungeon (9/15)             Temple (1/1) D:6
   Lair: D:8-11         Orc: D:9-12

Altars:
Cheibriados
Dithmenos
Hepliaklqana
Kikubaaqudgha
Makhleb
Okawaru
Qazlal
Ru
Sif Muna
Trog
Vehumet
Wu Jian
Xom
Yredelemnul
Zin

Shops:
D:1 *


Innate Abilities, Weirdness & Mutations

You have a pair of horns on your head.
You reflexively headbutt those who attack you in melee.


Message History

The ice beast is severely wounded.
The ice beast hits you but does no damage.
You barely miss the ice beast.
The ice beast is severely wounded.
You block the ice beast's attack.
You hit the ice beast but do no damage.
Your weapon exudes an aura of protection.
You headbutt the ice beast.
You kill the ice beast!
The electric eel shoots out a bolt of lightning at you!
The bolt of electricity hits you but does no damage.
The electric eel shoots out a bolt of lightning at you!
The bolt of electricity hits you.
You are too injured to fight recklessly!
You are too injured to fight recklessly!
Throw: 60 stones
Press: ? - help, Q - select action, (/) - cycle Shift-Dir - straight line
Okay, then.
You swap places.
You swap places.
The electric eel shoots out a bolt of lightning at you!
The bolt of electricity hits you!
The electric eel shoots out a bolt of lightning at you!
The bolt of electricity hits you!
* * * LOW HITPOINT WARNING * * *
The bolt of electricity hits your killer bee zombie!
The electric eel shoots out a bolt of lightning at you!
The bolt of electricity hits you!
* * * LOW HITPOINT WARNING * * *
The bolt of electricity hits your orc warrior zombie!
Your hornet zombie hits the electric eel!
You hit the electric eel but do no damage.
Your weapon exudes an aura of protection.
Your headbutt misses the electric eel.
The electric eel is severely wounded.
Your killer bee zombie misses the electric eel.
The electric eel shoots out a bolt of lightning at you!
The bolt of electricity hits you!
You die...
Your body rises from the dead as a mindless zombie.

**********### *****
,,,,,,,,,,..#*####******,,,*
,*********#.#,,...,,,,,,,,,* ,*
#.#,*..#******,,,* ,*
#######.#,*#.# **,** ,*
#.......####.#### *,* ,*
#Z#***#Z#≈≈~@S≈≈# *,* ,* #.#
#Z#≈..ZZ~≈# **,**
.####.#####.#Z.?....#***>,,*
............Z..........*,,,*
#####.#######.......##.#,,,****
####.#####
#~~...~~#,,.,,,,,,###
*#......Z.#
#≈≈...~≈#,,,,,,,,,,..
...######.#
####.####,,<,,,,,,*#. .##** #.#
#..# *****,,,****#.


You could see an electric eel (ally target), a friendly spectral ufetubus, a
friendly killer bee zombie, a friendly hornet zombie and a friendly orc warrior
zombie.

Vanquished Creatures
  A two-headed ogre (D:9)
  A troll (D:5)
  2 hornets (D:9)
  A wraith (D:9)
  An orc warrior (D:9)
  2 ice beasts (D:9)
  An ogre (D:5)
  A sky beast (D:5)
  3 wolves (D:9)
  2 centaurs
  2 bullfrogs
  A scorpion (D:5)
  4 wights (D:9)
  3 killer bees (D:9)
  A hound (D:5)
  An iron imp (D:3)
  2 orc priests
  Terence (D:2)
  3 iguanas (D:5)
  An orc wizard (D:5)
  A centaur simulacrum (D:9)
  4 adders
  5 gnolls (D:5)
  A white imp (D:9)
  2 howler monkey simulacra (D:9)
  2 ufetubi
  2 worms
  2 dart slugs
  11 orcs
  6 bats
  5 endoplasms
  5 giant cockroaches
  7 goblins
  7 hobgoblins
  6 quokkas
  6 ball pythons
  6 kobolds
  6 rats
118 creatures vanquished.

Vanquished Creatures (collateral kills)
  A yak (D:9)
  3 ice beasts (D:9)
  A wolf (D:9)
  A scorpion (D:5)
  An orc wizard (D:9)
  A centaur simulacrum (D:9)
  2 gnolls (D:5)
  An adder (D:5)
  2 ufetubi (D:9)
  3 orcs
  A goblin (D:4)
17 creatures vanquished.

Vanquished Creatures (others)
  A wolf zombie (D:9)
  A bullfrog zombie (D:9)
  A hound zombie (D:5)
  A bat zombie (D:3)
  A ball python zombie (D:3)
  A giant cockroach zombie (D:3)
  5 orc zombies
  A rat zombie (D:3)
  2 spectral ufetubi (D:9)
  9 plants (D:4)
  9 withered plants (D:5)
32 creatures vanquished.

Grand Total: 167 creatures vanquished

Notes
Turn   | Place    | Note
-------+----------+-------------------------------------------
     0 | D:1      | rsvaco the Minotaur Fighter began the quest for the Orb.
     0 | D:1      | Reached XP level 1. HP: 19/19 MP: 0/0
   100 | D:1      | Reached XP level 2. HP: 27/27 MP: 1/1
   307 | D:1      | Reached XP level 3. HP: 33/33 MP: 2/2
   307 | D:1      | Found Enkuu's Assorted Antiques.
   736 | D:2      | Found a basalt altar of Yredelemnul.
   758 | D:2      | Became a worshipper of Yredelemnul the Dark
   953 | D:2      | Noticed Terence
   968 | D:2      | Killed Terence
   969 | D:2      | Reached XP level 4. HP: 41/41 MP: 3/3
  1192 | D:3      | Reached * piety under Yredelemnul
  1313 | D:3      | Found a faded altar of an unknown god.
  1522 | D:3      | Found a snail-covered altar of Cheibriados.
  1868 | D:3      | Reached XP level 5. HP: 47/47 MP: 4/4
  2319 | D:4      | Found a hazy altar of Hepliaklqana.
  2359 | D:5      | Entered Level 5 of the Dungeon
  2377 | D:5      | Reached skill level 1 in Axes
  2383 | D:5      | Reached skill level 5 in Shields
  2428 | D:5      | Reached skill level 1 in Dodging
  2428 | D:5      | Reached XP level 6. HP: 28/55 MP: 5/5
  2459 | D:5      | Found an ancient bone altar of Kikubaaqudgha.
  2459 | D:5      | Noticed a sky beast
  2463 | D:5      | Reached ** piety under Yredelemnul
  2464 | D:5      | Reached skill level 5 in Armour
  2474 | D:5      | Killed a sky beast
  2475 | D:5      | Reached skill level 5 in Fighting
  2475 | D:5      | Reached XP level 7. HP: 25/61 MP: 6/6
  2700 | D:5      | Reached *** piety under Yredelemnul
  2783 | D:5      | Noticed a troll
  2798 | D:5      | Identified a scroll of acquirement
  2798 | D:5      | Acquired 822 gold pieces
  2799 | D:5      | Killed a troll
  2800 | D:5      | Reached skill level 5 in Axes
  2800 | D:5      | Reached skill level 1 in Stealth
  2926 | D:5      | Reached **** piety under Yredelemnul
  3086 | D:5      | Reached ***** piety under Yredelemnul
  3288 | D:6      | Found a staircase to the Ecumenical Temple.
  3303 | D:6      | Reached XP level 8. HP: 69/69 MP: 7/7
  3335 | Temple   | Entered the Ecumenical Temple
  3601 | D:6      | Reached skill level 5 in Maces & Flails
  3713 | D:6      | You fall into a shaft and drop 3 floors!
  3876 | D:9      | Found a burning altar of Makhleb.
  3879 | D:9      | Found a glowing silver altar of Zin.
  3879 | D:9      | Noticed an angel
  3880 | D:9      | Noticed a blizzard demon
  3991 | D:9      | Reached XP level 9. HP: 41/75 MP: 8/8
  4046 | D:9      | Paralysed by a hornet for 2 turns
  4075 | D:9      | Noticed a two-headed ogre
  4082 | D:9      | Killed a two-headed ogre
  4139 | D:9      | Paralysed by a hornet for 3 turns
  4197 | D:9      | Killed from afar by an electric eel

Illustrated notes

Levels and vault maps discovered:
D:1:      psy_arrival_dodecagon, layout_rooms, serial_shops, shop,
          chequers_serial_rivers_micro_a
D:2:      layout_loops_corners, serial_rivers, chequers_serial_rivers_small_3,
          chequers_serial_rivers_large_a, chequers_serial_rivers_small_a,
          chequers_serial_rivers_small_3, chequers_serial_rivers_micro_c,
          chequers_serial_rivers_micro_b, basic_altar, uniq_terence
D:3:      minmay_razor_zed, layout_loops_corners, slow_altar_1,
          nicolae_ecumenical_lake_church
D:4:      layout_basic, lemuel_zombie_altar_yredelemnul,
          nicolae_hepliaklqana_hazy_memory
D:5:      layout_loops_ring, kiku_gazebo_garden_becter
D:6:      layout_basic, mainiacjoe_overflow_alcove_2,
          mainiacjoe_overflow_alcove_1, minmay_temple_entry_waves
D:9:      layout_loops_ring, grunt_temple_overflow_order_and_chaos_2,
          serial_ice, serial_ice_j, serial_ice_b, serial_ice_o, serial_ice_g,
          serial_ice_h, serial_ice_e, serial_ice_n, serial_ice_m, serial_ice_a,
          serial_ice_f
Temple:   hellmonk_temple_forest_ring

Skill      XL: |  1  2  3  4  5  6  7  8  9 |
---------------+----------------------------+-----
Fighting       | 4 5 6 7 |  7.2
Armour         | 4 5 7 8 |  8.1
Shields        | 4 5 6 7 9 |  9.2
Maces & Flails | 3 4 7 9 |  9.2
Axes           | 2 4 5 |  5.9
Dodging        | 1 |  1.5
Stealth        | 1 2 |  2.3

Action                   |  1- 3 |  4- 6 |  7- 9 || total
-------------------------+-------+-------+-------++-------
Melee: Flail             |    64 |       |       ||    64
       Headbutt          |     5 |    12 |    38 ||    55
       Hand axe          |     8 |    92 |       ||   100
       Mace              |       |     4 |   219 ||   223
  Use: Potion            |     2 |     2 |       ||     4
       Scroll            |     2 |     2 |     5 ||     9
 Stab: Distracted        |       |     2 |     3 ||     5
Armor: Scale mail        |    26 |    16 |       ||    42
       Plate armour      |       |    29 |   129 ||   158
       Ice dragon scales |       |     1 |       ||     1
Dodge: Dodged            |    46 |    50 |    87 ||   183
Block: Buckler           |    15 |    38 |   138 ||   191
       Reflection        |       |       |     5 ||     5

Table legend: (Time is in decaauts)
 A = Elapsed time spent in this place.
 B = Non-inter-level travel time spent in this place.
 C = Inter-level travel time spent in this place.
 D = Time resting spent in this place.
 E = Time spent auto-exploring this place.
 F = Levels seen in this place.
 G = Mean time per level.
                   A        B        C        D        E       F      G
               +--------+--------+--------+--------+--------+-----+--------+
         Total |   4268 |   2670 |   1598 |      0 |   1617 |   8 |  533.5 |
       Dungeon |   4051 |   2527 |   1524 |      0 |   1483 |   7 |  578.7 |
        Temple |    216 |    142 |     74 |      0 |    134 |   1 |  216.0 |
               +--------+--------+--------+--------+--------+-----+--------+

Top non-repeatable levels by time:
     D:3: 1017 daAuts
     D:5: 870 daAuts
     D:2: 678 daAuts
     D:9: 495 daAuts
     D:1: 488 daAuts
     D:6: 284 daAuts
     D:4: 217 daAuts
  Temple: 216 daAuts
